Map: Invader LE

Players

KpeHgeJIb - Winner!

  • Race: Protoss Protoss

imbAllard

  • Race: Zerg Zerg
  • League: Master

VOD

Have the link to the VOD?

Description

Time

  • Played on: April 13, 2016, 2:44 p.m.
  • Length: 9:58
Show
View Real Time Build Order
Export as new Build Order

KpeHgeJIb Protoss - Winner!

Build Orders: Cannon Rush 

Get SALT Encoding   

  12  0:01  Probe (Chrono Boost)  
  13  0:11  Probe (Chrono Boost)  
  14  0:21  Pylon  
  14  0:23  Probe (Chrono Boost)  
  15  0:39  Probe (Chrono Boost)  
  15  0:42  Gateway  
  16  0:49  Probe (Chrono Boost)  
  17  0:51  Assimilator  
  17  1:00  Probe (Chrono Boost)  
  18  1:09  Forge  
  19  1:11  Probe (Chrono Boost)  
  19  1:23  Probe (Chrono Boost)  
  20  1:27  Pylon  
  20  1:30  Zealot (Chrono Boost)  
  22  1:36  Probe  
  23  1:45  Photon Cannon  
  23  1:51  Photon Cannon  
  23  1:57  Photon Cannon  
  23  2:01  Probe  
  24  2:13  Probe  
  25  2:17  Photon Cannon  
  25  2:25  Probe  
  26  2:33  Cybernetics Core  
  26  2:37  Probe  
  27  2:45  Nexus  
  29  2:51  Zealot (Chrono Boost)  
  29  2:57  Pylon  
  29  3:00  Probe  
  29  3:02  Assimilator  
  30  3:15  Adept (Chrono Boost), Mothership Core  
  34  3:25  Pylon  
  34  3:35  Photon Cannon  
  34  3:36  Probe  
  35  3:45  Warp Gate  
  35  3:52  Pylon  
  35  3:55  Pylon  
  32  3:59  Probe  
  33  4:08  Adept (Chrono Boost)  
  32  4:11  Probe  
  32  4:12  Probe  
  34  4:21  Probe  
  35  4:24  Probe  
  36  4:32  Probe  
  36  4:36  Probe  
  37  4:47  Twilight Council, Probe  
  38  5:05  Probe  
  38  5:08  Assimilator, Probe  
  38  5:13  Protoss Ground Weapons Level 1 (Chrono Boost)  
  38  5:14  Robotics Facility  
  39  5:16  Adept (Chrono Boost)  
  41  5:23  Probe  
  40  5:29  Dark Shrine, Probe  
  41  5:36  Probe  
  42  5:43  Gateway  
  42  5:45  Gateway  
  42  5:48  Gateway  
  42  5:50  Probe  
  42  5:51  Probe  
  42  5:54  Sentry  
  46  6:01  Observer (Chrono Boost)  
  46  6:03  Probe  
  46  6:04  Probe  
  49  6:08  Pylon  
  49  6:12  Resonating Glaives  
  49  6:19  Photon Cannon  
  49  6:25  Adept  
  46  6:43  Adept x2, Dark Templar  
  50  6:50  Probe x2  
  42  7:02  Probe x2  
  44  7:11  Dark Templar x2  
  44  7:14  Probe x2  
  50  7:23  Pylon  
  50  7:25  Pylon  
  50  7:28  Probe  
  51  7:32  Probe  
  51  7:41  Probe  
  52  7:44  Dark Templar  
  52  7:49  Pylon  
  52  7:51  Adept x3  
  57  8:03  Pylon  
  57  8:04  Photon Cannon  
  56  8:06  Probe  
  56  8:08  Probe  
  58  8:16  Archon  
  58  8:18  Warp Prism, Probe  
  61  8:20  Probe  
  62  8:30  Probe  
  62  8:33  Gateway, Probe  
  64  8:35  Gateway  
  64  8:41  Dark Templar  
  64  8:42  Dark Templar  
  68  8:49  Probe  
  69  9:00  Probe  
  69  9:02  Probe  
  71  9:07  Assimilator  
  71  9:10  Pylon  
  71  9:11  Gateway  
  71  9:12  Probe  
  72  9:17  Dark Templar  
  72  9:18  Dark Templar x2  
  72  9:23  Probe  
  79  9:33  Archon x2  
  79  9:34  Archon  
  79  9:35  Adept x2  
  79  9:36  Adept  
  85  9:48  Adept  
  87  9:56  Nexus  
  87  9:58  Pylon  
Show
View Real Time Build Order
Export as new Build Order

imbAllard Zerg 

Build Orders: Hatch First, Zergling Baneling 

Get SALT Encoding   

  12  0:01  Drone  
  13  0:10  Drone  
  14  0:18  Overlord  
  14  0:23  Extractor  
  14  0:24  Drone  
  15  0:36  Drone x2  
  17  0:52  Hatchery  
  17  0:55  Drone  
  17  0:59  Drone  
  18  1:06  Drone, Extractor  
  18  1:19  Spawning Pool  
  18  1:23  Drone  
  18  1:28  Drone  
  19  1:42  Overlord  
  19  1:52  Drone  
  20  2:07  Queen  
  20  2:08  Zergling x4  
  26  2:09  Metabolic Boost  
  26  2:34  Zergling x8  
  26  2:35  Zergling x2  
  31  2:41  Baneling Nest  
  28  2:47  Overlord  
  28  2:55  Spine Crawler  
  27  3:00  Zergling x2  
  28  3:06  Zergling x4  
  28  3:09  Overlord  
  29  3:25  Baneling x6  
  29  3:30  Zergling x6  
  32  3:39  Zergling x2  
  31  3:50  Zergling x2  
  31  4:05  Baneling x3  
  29  4:10  Baneling x2  
  29  4:17  Zergling x6  
  28  4:51  Hatchery  
  27  4:55  Zergling x6  
  30  5:04  Zergling x2  
  31  5:18  Zergling x2  
  31  5:30  Zergling x6  
  31  5:31  Zergling x2  
  35  5:42  Zergling x2  
  36  5:51  Overlord  
  36  5:52  Baneling x2  
  36  5:53  Baneling x4  
  36  5:54  Baneling x2  
  36  6:10  Zergling x10  
  36  6:27  Zergling x6  
  35  6:34  Zergling x6  
  35  6:39  Zergling x4  
  38  6:45  Queen  
  39  6:49  Zergling x2  
  36  7:00  Zergling x4  
  32  7:02  Baneling x2  
  32  7:07  Zergling x2  
  32  7:08  Zergling x2  
  33  7:11  Spore Crawler  
  33  7:13  Zergling x2  
  32  7:18  Zergling x6  
  32  7:21  Baneling x2  
  30  7:39  Zergling x4  
  30  7:40  Zergling x4  
  34  7:44  Drone  
  30  7:58  Zergling x4  
  30  8:01  Spore Crawler  
  26  8:16  Zergling x2  
  27  8:20  Zergling x2  
  27  8:40  Hatchery  
  21  8:45  Zergling x6  
  21  8:46  Zergling x2  
  23  8:49  Hatchery  
  22  9:00  Zergling x2  
  23  9:09  Zergling x2  
  22  9:16  Zergling x4  
  22  9:17  Zergling x2  
  22  9:33  Zergling x2  
  23  9:43  Evolution Chamber  
Tags
 
Add a new tag
Caveats
  • Supply blocks, unpowered buildings, or Contaminate may cause inaccurate times.
  • Supply counts are checked every 10 seconds.